 Dungeon Crawl Stone Soup version 0.31.0-11-ge490571c62 (webtiles) character file.

Game seed: 15890009539007387777

150 Ashen the Sneak (level 5, -3/37 HPs)
             Began as a Gnoll Enchanter on Feb 2, 2024.
             Incinerated by a bombardier beetle (5 damage)
             ... with a burning spray
             ... on level 3 of the Dungeon.
             The game lasted 00:06:05 (3057 turns).

Ashen the Sneak (Gnoll Enchanter)                   Turns: 3057, Time: 00:06:06

Health: -3/37      AC:  5    Str:  8    XL:     5   Next: 32%
Magic:  0/12       EV: 14    Int: 14    God:
Gold:   172        SH:  0    Dex: 14    Spells: 3/14 levels left

rFire   . . .        a - +1 dagger
rCold   . . .        (no shield)
rNeg    . . .        b - +0 robe
rPois   .            (no helmet)
rElec   .            q - +2 cloak
rCorr   .            (no gloves)
SInv    .            (no boots)
Will    .....        e - amulet of magic regeneration
Stlth   ++           (no ring)
HPRegen 0.26/turn    (no ring)
MPRegen 0.53/turn

%: no passive effects
@: on fire, very slightly contaminated, glowing
A: fangs 1, strong nose, distributed training
a: no special abilities


You were on level 3 of the Dungeon.
You visited 1 branch of the dungeon, and saw 4 of its levels.

You collected 172 gold pieces.

Inventory:

Hand Weapons
 a - a +1 dagger (weapon)
Armour
 b - a +0 robe (worn)
 q - a +2 cloak (worn)
Jewellery
 e - an amulet of magic regeneration (around neck)
Wands
 k - a wand of iceblast (8)
 p - a wand of flame (22)
Scrolls
 g - a scroll of torment {unknown}
 h - 3 scrolls of identify {unknown}
 i - a scroll of enchant armour {unknown}
 j - a scroll of poison {unknown}
 m - a scroll of acquirement {unknown}
 n - 2 scrolls of amnesia {unknown}
Potions
 c - 2 potions of invisibility
 d - a potion of ambrosia {unknown}
 f - 3 potions of curing {unknown}
 l - 2 potions of attraction {unknown}
 o - a potion of berserk rage {unknown}


   Skills:
 + Level 1.5 Fighting
 + Level 3.0 Short Blades
 + Level 1.5 Long Blades
 + Level 1.5 Axes
 + Level 1.5 Maces & Flails
 + Level 1.5 Polearms
 + Level 1.5 Staves
 + Level 1.5 Ranged Weapons
 + Level 1.5 Throwing
 + Level 1.5 Armour
 + Level 4.8 Dodging
 + Level 6.1 Stealth
 + Level 1.5 Shields
 + Level 1.5 Unarmed Combat
 + Level 5.2 Spellcasting
 + Level 1.2 Conjurations
 + Level 5.5 Hexes
 + Level 1.2 Summonings
 + Level 1.2 Necromancy
 + Level 1.2 Translocations
 + Level 1.2 Fire Magic
 + Level 1.2 Ice Magic
 + Level 1.2 Air Magic
 + Level 1.2 Earth Magic
 + Level 1.2 Alchemy
 + Level 1.7 Invocations
 + Level 1.5 Evocations
 + Level 1.3 Shapeshifting


You had 3 spell levels left.
You knew the following spells:

 Your Spells              Type           Power      Damage    Failure   Level
a - Ensorcelled Hibernat  Hex/Ice        26%        N/A       6%          2
b - Confusing Touch       Hex            19%        N/A       5%          3
c - Tukima's Dance        Hex            19%        N/A       5%          3
d - Dazzling Flash        Conj/Hex       26%        N/A       13%         3

Your spell library contained the following spells:

 Spells                   Type           Power      Damage    Failure   Level
 Shock                    Conj/Air       28%        1d4       11%         1
 Swiftness                Air            7%         N/A       30%         3
 Airstrike                Air            3%         2d(1-17)  71%         4


Dungeon Overview and Level Annotations

Branches:
Dungeon (4/15)
 Temple: D:4-7

Altars:
Kikubaaqudgha

Shops:
D:1 =

Annotations:
D:2 1 exclusion
D:3 1 runed translucent door, NitroKuite's ghost, weakling MiBe


Innate Abilities, Weirdness & Mutations

You have very sharp teeth.
Your uncanny sense of smell can sniff out nearby items.
Your experience applies equally to all skills.


Message History

You miscast Ensorcelled Hibernation.
Nothing appears to happen.
The liquid fire burns you!
Casting: Ensorcelled Hibernation (safe; 6% risk of failure)
Confirm with . or Enter, or press ? or * to list all spells.
Aiming: Ensorcelled Hibernation (safe; 6% risk of failure)
Press: ? - help, Shift-Dir - straight line, f/p - bombardier beetle
Aim: a bombardier beetle (chance to affect: 47%)
The bombardier beetle resists with some effort.
The liquid fire burns you! The bombardier beetle bites you.
Unknown command.
The liquid fire burns you!
You shake off some of the fire as you move.
You climb upwards.
Level annotation: 1 runed translucent door, NitroKuite's ghost, weakling MiBe The liquid fire burns you!
* * * LOW HITPOINT WARNING * * *
There is a stone staircase leading down here.
Casting: Ensorcelled Hibernation (safe; 6% risk of failure)
Confirm with . or Enter, or press ? or * to list all spells.
Aiming: Ensorcelled Hibernation (safe; 6% risk of failure)
Press: ? - help, Shift-Dir - straight line, f - bombardier beetle
Aim: a bombardier beetle (chance to affect: 47%)
The bombardier beetle resists with some effort.
The liquid fire burns you!
* * * LOW HITPOINT WARNING * * *
The bombardier beetle closely misses you.
Okay, then.
You shake off some of the fire as you move.
The liquid fire burns you!
* * * LOW HITPOINT WARNING * * *
The bombardier beetle misses you.
Casting: Ensorcelled Hibernation (safe; 6% risk of failure)
Confirm with . or Enter, or press ? or * to list all spells.
Aiming: Ensorcelled Hibernation (safe; 6% risk of failure)
Press: ? - help, Shift-Dir - straight line, f/p - bombardier beetle
Aim: a bombardier beetle (chance to affect: 47%)
The bombardier beetle looks drowsy...
The liquid fire burns you!
You die...

### ### ### #############.#
#.#######.##
..............#
#..........#
#############.#
#.#######.## #.# #.#
####.## #.# #.# #.....# #.#
#.# ####.##
#############.#######.# #.#
................@>..#.# #.#
#############.###B#.#.# #.#
............#.# #.#.#.# #.#
###########.#.# #.#.#.# #.#
##.....###.#.#.#######.##
##.......##.#............#
##...###...#.###.##########
######...##⌠##........#
...##...##...##....####


You could see a bombardier beetle (asleep).

Vanquished Creatures
  Crazy Yiuf (D:3)
  Jessica (D:3)
  3 adders
  2 dart slugs (D:3)
  2 ribbon worms
  6 ball pythons
  5 bats
  5 endoplasms
  4 giant cockroaches
  4 goblins
  9 hobgoblins
  2 kobolds
  4 quokkas
  3 frilled lizards
  6 rats
57 creatures vanquished.

Notes
Turn   | Place    | Note
-------+----------+-------------------------------------------
     0 | D:1      | Ashen the Gnoll Enchanter began the quest for the Orb.
     0 | D:1      | Reached XP level 1. HP: 13/13 MP: 6/6
    76 | D:1      | Found Rotif's One-of-a-Kind Rings.
   132 | D:1      | Reached XP level 2. HP: 18/19 MP: 7/7
   422 | D:1      | Reached skill level 5 in Spellcasting
   422 | D:1      | Reached XP level 3. HP: 22/25 MP: 7/9
   478 | D:1      | Reached skill level 6 in Stealth
  1009 | D:2      | Reached skill level 1 in Invocations
  1096 | D:2      | Learned a level 2 spell: Ensorcelled Hibernation
  1100 | D:2      | Learned a level 3 spell: Confusing Touch
  1104 | D:2      | Learned a level 3 spell: Tukima's Dance
  1108 | D:2      | Learned a level 3 spell: Dazzling Flash
  1359 | D:2      | Reached skill level 1 in Fighting
  1359 | D:2      | Reached skill level 1 in Long Blades
  1359 | D:2      | Reached skill level 1 in Axes
  1359 | D:2      | Reached skill level 1 in Maces & Flails
  1359 | D:2      | Reached skill level 1 in Polearms
  1359 | D:2      | Reached skill level 1 in Staves
  1359 | D:2      | Reached skill level 1 in Ranged Weapons
  1359 | D:2      | Reached skill level 1 in Throwing
  1359 | D:2      | Reached skill level 1 in Armour
  1359 | D:2      | Reached skill level 1 in Shields
  1359 | D:2      | Reached skill level 1 in Unarmed Combat
  1359 | D:2      | Reached skill level 1 in Evocations
  1925 | D:3      | Reached skill level 1 in Shapeshifting
  1925 | D:3      | Reached XP level 4. HP: 32/32 MP: 1/11
  2071 | D:3      | Noticed Jessica
  2091 | D:3      | Killed Jessica
  2092 | D:3      | Reached skill level 1 in Conjurations
  2092 | D:3      | Reached skill level 1 in Summonings
  2092 | D:3      | Reached skill level 1 in Necromancy
  2092 | D:3      | Reached skill level 1 in Translocations
  2092 | D:3      | Reached skill level 1 in Fire Magic
  2092 | D:3      | Reached skill level 1 in Ice Magic
  2092 | D:3      | Reached skill level 1 in Air Magic
  2092 | D:3      | Reached skill level 1 in Earth Magic
  2092 | D:3      | Reached skill level 1 in Alchemy
  2203 | D:3      | Found a faded altar of an unknown god.
  2241 | D:3      | Found an ancient bone altar of Kikubaaqudgha.
  2419 | D:3      | Reached XP level 5. HP: 37/37 MP: 7/12
  2624 | D:3      | Found a runed translucent door.
  2626 | D:3      | Noticed NitroKuite's ghost (weakling MiBe)
  2707 | D:3      | Found a runed translucent door.
  2708 | D:3      | Noticed Crazy Yiuf
  2714 | D:3      | Killed Crazy Yiuf
  3056 | D:3      | HP: 1/37 [burnt (4)]
  3057 | D:3      | Incinerated by a bombardier beetle

Illustrated notes

Levels and vault maps discovered:
D:1:      dpeg_arrival_prison, layout_basic, nicolae_shop_unique_rings
D:2:      layout_basic, lemuel_flame_loot_1
D:3:      layout_basic, lemuel_crystal_altar,
          hellmonk_ecumenical_altar_leap_of_faith,
          hellmonk_ghost_happy_afterlife, uniq_crazy_yiuf_cottage, uniq_jessica
D:4:      layout_gridville

Skill      XL: |  1  2  3  4  5 |
---------------+----------------+-----
Spellcasting   | 5 |  5.2
Stealth        | 6 |  6.1
Invocations    | 1 |  1.7
Fighting       | 1 |  1.5
Long Blades    | 1 |  1.5
Axes           | 1 |  1.5
Maces & Flails | 1 |  1.5
Polearms       | 1 |  1.5
Staves         | 1 |  1.5
Ranged Weapons | 1 |  1.5
Throwing       | 1 |  1.5
Armour         | 1 |  1.5
Shields        | 1 |  1.5
Unarmed Combat | 1 |  1.5
Evocations     | 1 |  1.5
Shapeshifting  | 1 |  1.3
Conjurations   | 1 |  1.2
Summonings     | 1 |  1.2
Necromancy     | 1 |  1.2
Translocations | 1 |  1.2
Fire Magic     | 1 |  1.2
Ice Magic      | 1 |  1.2
Air Magic      | 1 |  1.2
Earth Magic    | 1 |  1.2
Alchemy        | 1 |  1.2
Short Blades   | 3 |  3.0
Dodging        | |  4.8
Hexes          | |  5.5

Action                     |  1- 3 |  4- 6 || total
---------------------------+-------+-------++-------
  Melee: Dagger            |   136 |    34 ||   170
         Bite              |    16 |     5 ||    21
         Punch             |     2 |       ||     2
   Cast: Ensorcelled Hiber |     7 |    22 ||    29
  Evoke: Wand              |       |     1 ||     1
    Use: Potion            |       |     1 ||     1
   Stab: Sleeping          |    18 |    13 ||    31
 Armour: Robe              |    47 |    21 ||    68
  Dodge: Dodged            |    92 |    24 ||   116
